 Dungeon Crawl Stone Soup version 0.29.1-1-gd02db6906a (webtiles) character file.

Game seed: 10399175082429815876

132 RKaid the Shooter (level 4, -1/27 HPs)
             Began as a Deep Elf Hunter on Sept 18, 2022.
             Succumbed to an orc's poison
             ... on level 3 of the Dungeon.
             The game lasted 00:04:15 (2503 turns).

RKaid the Shooter (Deep Elf Hunter)                 Turns: 2503, Time: 00:04:15

Health: -1/27      AC:  3    Str:  8    XL:     4   Next: 92%
Magic:  6/6        EV: 13    Int: 14    God:
Gold:   168        SH:  0    Dex: 20    Spells: 3/3 levels left

rFire   . . .      SeeInvis .   a - +0 shortbow
rCold   . . .      Faith    .   (shield currently unavailable)
rNeg    . . .      Spirit   .   c - +0 leather armour
rPois   .          Reflect  .   (no helmet)
rElec   .          Harm     .   (no cloak)
rCorr   .          Rampage  .   (no gloves)
Will    .....                   (no boots)
Stlth   ++........              g - amulet of regeneration {+regen}
HPRegen 0.89/turn               (no ring)
MPRegen 0.10/turn               (no ring)

@: brilliant, lethally poisoned (-1 -> -17)
A: no striking features
a: no special abilities


You were on level 3 of the Dungeon.
You visited 1 branch of the dungeon, and saw 3 of its levels.

You collected 168 gold pieces.

Inventory:

Hand Weapons
 a - a +0 shortbow (weapon)
Armour
 c - a +0 leather armour (worn)
Jewellery
 f - a ring of ice {rC+, rF-}
   (You found it on level 2 of the Dungeon)
 g - an amulet of regeneration (around neck) {+regen}
   (You found it on level 1 of the Dungeon)
Scrolls
 b - 2 scrolls of immolation {!r}
 d - 2 scrolls of teleportation {unknown}
 h - a scroll of brand weapon {unknown}
 i - a scroll of identify
 k - a scroll of amnesia
 m - a scroll of enchant weapon {unknown}
Potions
 j - 3 potions of flight
 l - 2 potions of might


   Skills:
 + Level 2.4 Fighting
 * Level 7.0 Ranged Weapons
 + Level 3.6 Dodging
 - Level 1.2 Stealth


You had 3 spell levels left.
You didn't know any spells.
Your spell library contained the following spells:

 Spells                   Type           Power      Damage    Failure   Level
 Shock                    Conj/Air       0%         1d3       38%         1
 Confusing Touch          Hex            0%         N/A       77%         3
 Swiftness                Air            0%         N/A       77%         3
 Airstrike                Air            0%         2d(0-16)  99%         4
 Yara's Violent Unravell  Hex/Tmut       0%         3d3       100%        5
 Enfeeble                 Hex            0%         N/A       100%        7


Dungeon Overview and Level Annotations

Branches:
Dungeon (3/15)

Altars:
Kikubaaqudgha
Trog


Message History

You kill the goblin!
Found 13 gold pieces.
Found a bloodstained altar of Trog.
Items here: )) ††.
Okay, then.
You start resting.
You now have 153 gold pieces (gained 10).
You now have 166 gold pieces (gained 13).
Items here: )) ††.
You now have 168 gold pieces (gained 2).
Found a stone staircase leading up.
There is a stone staircase leading up here.
Found an escape hatch in the ceiling.
m - a scroll labelled ZIKEPRAULL
There is an escape hatch in the ceiling here.
Found an escape hatch in the floor.
A worm and an orc come into view.
The orc shouts!
You shoot an arrow. The arrow hits the orc.
An orc comes into view. It is wielding a +0 hand axe.
You shoot an arrow. The orc shouts!
The arrow hits the orc.
An orc comes into view. It is wielding a +0 dagger.
You shoot an arrow. The arrow hits the orc.
You kill the orc!
An orc comes into view. It is wielding a +2 war axe of venom.
You shoot an arrow. The orc shouts!
The arrow hits the worm!
You shoot an arrow. The arrow barely misses the worm.
You shoot an arrow. The arrow hits the worm.
You shoot an arrow. The arrow hits the worm.
You shoot an arrow. The arrow hits the worm.
You shoot an arrow.
The arrow hits the worm but does no damage.
The worm barely misses you.
You shoot an arrow. The arrow hits the worm!
You kill the worm!
You shoot an arrow. The arrow hits the orc.
You shoot an arrow. The arrow closely misses the orc.
The orc hits you with a +0 hand axe. The orc hits you with a +0 dagger.
The orc hits you with a +0 hand axe. The orc misses you.
You shoot an arrow. The arrow hits the orc.
The orc hits you with a +0 hand axe. The orc hits you with a +0 dagger.
You are too injured to fight recklessly!
Okay, then.
The orc attacks as you move away! The orc barely misses you.
The orc attacks as you move away! The orc closely misses you.
Fire: a) +0 shortbow
Press: ? - help, Q - select action Shift-Dir - straight line, f/p - orc
Aim: an orc, wielding a +0 dagger (almost dead, 66% to hit)
You shoot an arrow. The arrow hits the orc.
The orc hits you with a +0 hand axe!
Fire: a) +0 shortbow
Press: ? - help, Q - select action Shift-Dir - straight line, f/p - orc
Aim: an orc, wielding a +0 dagger (almost dead, 66% to hit)
You shoot an arrow.
The arrow hits the orc but does no damage.
The orc barely misses you. The orc attacks as you move away!
The orc completely misses you. The orc attacks as you move away!
The orc hits you but does no damage.
There is an escape hatch in the ceiling here.
The orc barely misses you. A mysterious force pulls you upwards.
The hatch slams shut behind you.
Fire: a) +0 shortbow
Press: ? - help, Q - select action Shift-Dir - straight line, f - orc
Aim: an orc, wielding a +0 hand axe and wearing a +0 leather armour (almost dead, 66% to hit)
You shoot an arrow.
The arrow hits the orc but does no damage.
The orc hits you with a +0 hand axe.
Fire: a) +0 shortbow
Press: ? - help, Q - select action Shift-Dir - straight line, f/p - orc
Aim: an orc, wielding a +0 hand axe and wearing a +0 leather armour (almost dead, 66% to hit)
You shoot an arrow. The arrow hits the orc!
You kill the orc!
Things that are here:
a +0 hand axe; a +0 leather armour You start resting.
There is an open door here.
There is a stone staircase leading down here.
You climb downwards.
There is a stone staircase leading up here.
The orc shouts!
An orc is nearby!
You shoot an arrow. The arrow barely misses the orc.
You shoot an arrow. The arrow hits the orc.
You shoot an arrow. The arrow hits the orc.
The orc hits you with a +2 war axe of venom.
You are poisoned.
You shoot an arrow. The arrow barely misses the orc.
You feel very sick.
The orc hits you with a +2 war axe of venom!
You are lethally poisoned!
It was a potion of brilliance.
You feel clever all of a sudden.
* * * LOW HITPOINT WARNING * * *
You feel very sick. The orc closely misses you.
Okay, then.
You die...

#<.##.# #..###...#.###.###..
#..##.# #........#.# #.# #..
#..##.###.####...#.###.###..
#..##......................#
#####.........#####..#.###.#....
#.......#####.# #..#.# #.##.##
#.####..# #. #..#.# #.##.##
##.####..#####.#####..#.###.##.##
................@...........>#.##
.#.###.###..##o#############.#.##
.#....># #..... #.#.##
######.###..### #.#.## #......#
#.#.## #####.##>#### #.#...
...)....o...# #.####
.####.#####.# #.# ## # #.# #.###.


You could see an orc.

Vanquished Creatures
  3 gnolls (D:2)
  2 adders (D:3)
  A worm (D:3)
  3 dart slugs
  4 orcs
  7 bats
  8 endoplasms
  2 giant cockroaches
  4 goblins
  7 hobgoblins
  5 kobolds
  3 quokkas
  11 ball pythons
  4 frilled lizards
  6 rats
70 creatures vanquished.

Notes
Turn   | Place    | Note
-------+----------+-------------------------------------------
     0 | D:1      | RKaid the Deep Elf Hunter began the quest for the Orb.
     0 | D:1      | Reached XP level 1. HP: 12/12 MP: 3/3
   135 | D:1      | Reached XP level 2. HP: 17/17 MP: 4/4
   421 | D:1      | Reached skill level 6 in Ranged Weapons
   439 | D:1      | Reached skill level 2 in Fighting
   439 | D:1      | Reached skill level 3 in Dodging
   447 | D:1      | Reached XP level 3. HP: 19/21 MP: 5/5
   533 | D:1      | Found a faded altar of an unknown god.
  1207 | D:2      | Reached XP level 4. HP: 23/26 MP: 6/6
  2055 | D:3      | Found an ancient bone altar of Kikubaaqudgha.
  2171 | D:3      | Reached skill level 7 in Ranged Weapons
  2178 | D:3      | Found a bloodstained altar of Trog.
  2502 | D:3      | HP: 4/27 [poisoned by an orc]
  2503 | D:3      | Succumbed to an orc's poison

Illustrated notes

Levels and vault maps discovered:
D:1:      ncdulo_watergridlock, layout_loops_ring,
          ebering_ecumenical_altar_hall, minmay_cupped
D:2:      layout_loops_corners, minmay_misc_feat_nine_boxes,
          minmay_misc_feat_plants
D:3:      layout_loops_ring, kiku_gazebo_pond_becter, trog_antimagical,
          minmay_unequal

Skill      XL: |  1  2  3  4 |
---------------+-------------+-----
Ranged Weapons | 6 7 |  7.0
Fighting       | 2 |  2.4
Dodging        | 3 |  3.6
Stealth        | |  1.2

Action                   |  1- 3 |  4- 6 || total
-------------------------+-------+-------++-------
 Fire: Shortbow          |   105 |    90 ||   195
  Use: Scroll            |       |     3 ||     3
       Potion            |       |     1 ||     1
Armor: Leather armour    |     4 |     6 ||    10
Dodge: Dodged            |    35 |    33 ||    68

Table legend: (Time is in decaauts)
 A = Elapsed time spent in this place.
 B = Non-inter-level travel time spent in this place.
 C = Inter-level travel time spent in this place.
 D = Time resting spent in this place.
 E = Time spent auto-exploring this place.
 F = Levels seen in this place.
 G = Mean time per level.
                   A        B        C        D        E       F      G
               +--------+--------+--------+--------+--------+-----+--------+
         Total |   2550 |   2482 |     68 |    289 |   1791 |   3 |  850.0 |
       Dungeon |   2550 |   2482 |     68 |    289 |   1791 |   3 |  850.0 |
               +--------+--------+--------+--------+--------+-----+--------+

Top non-repeatable levels by time:
     D:3: 870 daAuts
     D:2: 843 daAuts
     D:1: 837 daAuts

Table legend:
 A = Kills in this place as a percentage of kills in entire the game.
 B = Kills by you in this place as a percentage of kills by you in the entire game.
 C = Kills by friends in this place as a percentage of kills by friends in the entire game.
 D = Other kills in this place as a percentage of other kills in the entire game.
 E = Experience gained in this place as a percentage of experience gained in the entire game.
 F = Experience gained in this place divided by the number of levels of this place that you have seen.
                   A       B       C       D       E      F
               +-------+-------+-------+-------+-------+----------------------
         Total | 100.0 | 100.0 |   N/A |   N/A | 100.0 |  63.0
       Dungeon | 100.0 | 100.0 |   N/A |   N/A | 100.0 |  63.0
               +-------+-------+-------+-------+-------+----------------------
